 Dungeon Crawl Stone Soup version 0.24-a0-309-g1095bcad4c (webtiles) character file.

Game seed: 17522106075218499161

109 FluffierThanThou the Chopper (level 4, -3/61 HPs)
             Began as a Minotaur Berserker on May 14, 2019.
             Was a Believer of Trog.
             Slain by a worm (10 damage)
             ... on level 2 of the Dungeon.
             The game lasted 00:02:29 (1077 turns).

FluffierThanThou the Chopper (Minotaur Berserker)   Turns: 1077, Time: 00:02:29

Health: -3/61      AC:  2    Str: 27    XL:     4   Next: 60%
Magic:  3/3        EV: 13    Int:  4    God:    Trog [**....]
Gold:   52         SH:  0    Dex: 10    Spells: 3/3 levels left

rFire    . . .     SeeInvis .   a - +0 hand axe
rCold    . . .     Gourm    .   (no shield)
rNeg     . . .     Faith    .   b - +0 animal skin
rPois    .         Spirit   .   (helmet restricted)
rElec    .         Reflect  .   (no cloak)
rCorr    .         Harm     .   (no gloves)
MR       .....                  (no boots)
Stlth    ..........             (no amulet)
HPRegen  0.20/turn              (no ring)
MPRegen  0.08/turn              (no ring)

@: berserking (expiring), very quick
A: retaliatory headbutt, horns 2
a: Berserk, Trog's Hand, Renounce Religion


You were on level 2 of the Dungeon.
You worshipped Trog.
Trog was pleased with you.
You were near starving.

You visited 1 branch of the dungeon, and saw 2 of its levels.

You collected 52 gold pieces.

Inventory:

Hand Weapons
 a - a +0 hand axe (weapon)
Armour
 b - a +0 animal skin (worn)
Scrolls
 e - a scroll of magic mapping {unknown}
 f - 3 scrolls of remove curse {unknown}
 g - 2 scrolls of identify {unknown}
 h - 2 scrolls of blinking {unknown}
 j - a scroll of fog {unknown}
 k - a scroll of enchant armour {unknown}
 l - a scroll of immolation {unknown}
Potions
 i - 2 potions of resistance {unknown}
 m - a potion of haste {unknown}
Comestibles
 c - 2 rations
 d - 9 chunks of flesh


   Skills:
 + Level 4.4 Fighting
 + Level 4.5 Axes
 + Level 3.6 Armour
 + Level 3.2 Dodging


You had 3 spell levels left.
You didn't know any spells.
Your spell library was empty.

Dungeon Overview and Level Annotations

Branches:
Dungeon (2/15)

Altars:


Innate Abilities, Weirdness & Mutations

You reflexively headbutt those who attack you in melee.
You have a pair of horns on your head.


Message History

You slash the gnoll!
You kill the gnoll!
Trog accepts your kill.
You hit the bat.
You kill the bat!
Trog accepts your kill. The gnoll hits you with a +0 club!
* * * LOW HITPOINT WARNING * * *
You see here a cursed +0 halberd.
You slash the gnoll!
The gnoll is almost dead.
You slash the gnoll!
You kill the gnoll!
Trog accepts your kill.
You hit the worm. Your headbutt misses the worm.
The worm is lightly wounded.
You hit the worm.
The worm is moderately wounded.
The worm bites you!
You die...

............
.).........
.......... ....
........ .....
#.....##.....
#..?...#... #.)w..#.#
#..@....# #...††.##
##... #......# .....
#.....## #...
#####)....# ...##
#..(......###### ...#
##..##..........#
#.###...#...#.#######
#......##.#.#.#


You could see a worm.

Vanquished Creatures
  3 gnolls (D:2)
  4 adders (D:2)
  2 dart slugs (D:1)
  2 leopard geckos
  A giant cockroach (D:1)
  6 hobgoblins
  4 jackals (D:1)
  4 bats
  A frilled lizard (D:1)
  5 goblins
  4 kobolds
  6 rats (D:2)
42 creatures vanquished.

Notes
Turn   | Place    | Note
-------+----------+-------------------------------------------
     0 | D:1      | FluffierThanThou the Minotaur Berserker began the quest for
                  | the Orb.
     0 | D:1      | Reached XP level 1. HP: 19/19 MP: 0/0
   177 | D:1      | Reached XP level 2. HP: 19/27 MP: 1/1
   772 | D:2      | Reached XP level 3. HP: 30/33 MP: 2/2
   774 | D:2      | Reached ** piety under Trog
   962 | D:2      | Reached XP level 4. HP: 36/40 MP: 3/3
  1077 | D:2      | Slain by a worm

Levels and vault maps discovered:
D:1:      sevenhm_arrival_forest_fort_large_4, layout_loops_ring
D:2:      layout_rooms, kennysheep_donut, minmay_fractal_squares_gapless_5

Skill      XL: |  1  2  3 |
---------------+----------+-----
Axes           | 4 |  4.5
Fighting       | 4 |  4.4
Armour         | 3 |  3.6
Dodging        | 3 |  3.2

Action                   |  1- 3 |  4- 6 || total
-------------------------+-------+-------++-------
Melee: Hand axe          |    62 |    16 ||    78
       Headbutt          |     9 |     3 ||    12
Invok: Berserk           |       |     1 ||     1
Armor: Animal skin       |    19 |     2 ||    21
Dodge: Dodged            |    41 |    11 ||    52

Table legend:
 A = Non-vault XP
 B = Vault XP
 C = Vault XP percentage of total XP
 D = Non-vault monster count
 E = Vault monster count
 F = Vault count percentage of total count
                 A         B        C        D         E       F
            +---------+---------+-------+---------+---------+-------
      Total |     125 |      32 |  20.4 |      37 |       5 |  11.9
            +---------+---------+-------+---------+---------+-------
        D:1 |      40 |       0 |   0.0 |      21 |       0 |   0.0
        D:2 |      85 |      32 |  27.4 |      16 |       5 |  23.8
            +---------+---------+-------+---------+---------+-------
